Map: Oxide LE

Players

A.I. 1 (Very Easy)

  • Race: Zerg Zerg
  • Spawn Location: 7:00

Drift - Winner!

  • Race: Terran Terran
  • League: Master
  • Spawn Location: 1:00

VOD

Have the link to the VOD?

Description

Time

  • Played on: Sept. 30, 2020, 12:39 p.m.
  • Length: 10:11
Show
View Real Time Build Order
Export as new Build Order

A.I. 1 (Very Easy) Zerg 

Build Orders: Pool First 

Get SALT Encoding   

  12  0:01  Drone  
  13  0:12  Overlord  
  13  0:16  Drone  
  14  0:35  Spawning Pool  
  13  0:36  Extractor  
  13  0:39  Drone  
  13  0:46  Drone  
  14  0:51  Overlord  
  14  1:22  Zergling x2, Queen  
  17  1:31  Roach Warren  
  16  1:32  Extractor  
  16  1:36  Drone  
  16  1:44  Drone  
  17  1:50  Zergling x2  
  18  2:02  Drone  
  19  2:10  Drone  
  20  2:17  Zergling x2  
  20  2:19  Drone  
  22  2:29  Overlord  
  22  2:33  Drone  
  23  2:40  Drone  
  24  2:45  Roach  
  24  2:47  Drone  
  27  6:45  Zergling x2  
  27  7:21  Lair, Drone  
  28  7:28  Drone  
  28  7:29  Hatchery  
  28  7:35  Drone  
  29  7:42  Drone  
  28  7:51  Zergling x2  
  26  8:21  Overseer  
  26  8:22  Overseer  
  26  8:32  Roach  
  28  8:42  Drone  
  28  8:47  Extractor  
  28  8:49  Drone  
  28  8:52  Extractor  
  28  8:56  Drone  
  29  9:03  Drone  
  30  9:10  Drone  
  30  9:13  Ravager, Roach  
  34  9:18  Drone  
  35  9:25  Drone  
  36  9:32  Drone  
  36  9:33  Overlord  
  33  9:39  Drone  
  33  9:42  Overseer  
  33  9:43  Roach  
  33  9:49  Drone  
Show
View Real Time Build Order
Export as new Build Order

Drift Terran - Winner!

Build Orders: Reaper Expand, Hellion Banshee 

Get SALT Encoding   

  12  0:00  SCV  
  13  0:12  SCV  
  14  0:17  Supply Depot  
  14  0:24  SCV  
  15  0:38  SCV  
  15  0:40  Barracks  
  16  0:44  Refinery  
  16  0:51  SCV  
  17  1:03  SCV  
  18  1:15  SCV  
  19  1:27  Orbital Command, Reaper  
  20  1:38  Command Center  
  20  1:50  Supply Depot  
  20  1:53  SCV  
  21  1:58  Marine  
  22  2:05  SCV  
  23  2:08  Factory  
  23  2:16  Refinery  
  23  2:17  SCV  
  23  2:20  Barracks Reactor  
  24  2:29  SCV  
  25  2:41  SCV  
  26  2:50  Orbital Command  
  26  2:53  SCV  
  26  2:55  Starport  
  27  3:02  Hellion x2  
  31  3:05  SCV  
  31  3:06  Barracks Tech Lab  
  32  3:16  SCV  
  32  3:18  SCV  
  34  3:21  Supply Depot  
  34  3:24  Hellion x2  
  38  3:28  SCV  
  39  3:35  SCV  
  39  3:37  Barracks Tech Lab, Cloaking Field  
  39  3:38  Banshee  
  39  3:40  SCV  
  44  3:46  Hellion  
  44  3:47  SCV  
  44  3:48  Hellion  
  49  3:52  Supply Depot  
  49  3:54  SCV  
  50  3:59  SCV  
  50  4:00  Stimpack  
  51  4:06  SCV  
  52  4:11  SCV  
  53  4:18  SCV  
  53  4:19  Command Center  
  53  4:23  SCV  
  55  4:28  Supply Depot, Banshee  
  55  4:30  SCV  
  59  4:33  Barracks  
  59  4:35  SCV  
  59  4:37  Barracks  
  60  4:40  Factory Reactor  
  60  4:42  SCV  
  60  4:44  Marine  
  62  4:49  SCV  
  63  4:54  SCV  
  63  4:55  Engineering Bay x2  
  63  4:58  Refinery x2  
  64  5:01  SCV  
  64  5:06  SCV  
  66  5:07  Marine  
  66  5:14  SCV  
  68  5:16  Supply Depot  
  68  5:17  Supply Depot  
  68  5:19  SCV  
  69  5:23  Terran Infantry Weapons Level 1  
  69  5:24  Terran Infantry Armor Level 1  
  69  5:25  Marine  
  69  5:26  Starport Reactor  
  70  5:30  Marine x2, SCV  
  70  5:33  Orbital Command  
  70  5:35  SCV, Marine  
  74  5:38  Siege Tank  
  74  5:40  Combat Shield, Marine  
  80  5:42  SCV  
  80  5:45  Supply Depot  
  80  5:47  Marine  
  80  5:48  Supply Depot  
  81  5:51  Marine x2  
  81  5:52  SCV  
  81  5:55  SCV  
  85  5:58  Barracks  
  85  6:02  Barracks  
  85  6:04  Orbital Command, Marine, SCV  
  85  6:07  SCV  
  85  6:10  Marine  
  85  6:11  Siege Tank, Marine  
  90  6:14  Medivac  
  90  6:16  Medivac  
  97  6:22  Armory  
  97  6:26  SCV x2  
  97  6:30  SCV  
  97  6:31  Marine x2  
  97  6:32  Marine x2  
  103  6:36  Supply Depot  
  103  6:38  SCV  
  103  6:39  Supply Depot  
  105  6:41  Marine  
  105  6:44  SCV x2  
  108  6:48  Marine  
  108  6:49  Marine, Medivac  
  108  6:50  Medivac, SCV  
  108  6:51  Barracks Reactor x2  
  108  6:52  Refinery  
  115  6:55  Factory Reactor  
  115  6:56  SCV x2  
  115  6:57  Marine x2  
  115  6:59  Marine  
  120  7:02  SCV  
  120  7:06  Marine  
  122  7:08  SCV  
  122  7:11  Supply Depot, SCV, Marine  
  122  7:12  Supply Depot  
  122  7:15  SCV, Marine x2  
  126  7:16  Marine  
  126  7:21  Terran Infantry Weapons Level 2, SCV  
  130  7:23  Terran Infantry Armor Level 2, SCV  
  130  7:27  Terran Vehicle And Ship Armor Level 1, SCV  
  132  7:34  Command Center, Marine x3  
  132  7:35  Supply Depot x2, Marine  
  132  7:36  Marine  
  137  7:39  Widow Mine  
  137  7:40  Widow Mine  
  137  7:42  Factory  
  141  7:44  Marine  
  141  7:45  Marine  
  141  7:46  Marine  
  141  7:47  Marine  
  145  7:52  Marine  
  145  7:57  SCV x3  
  145  7:58  Supply Depot  
  149  7:59  Supply Depot  
  149  8:00  Widow Mine, Marine x3  
  149  8:02  Medivac x2  
  149  8:03  Widow Mine  
  160  8:09  SCV  
  161  8:12  Barracks  
  161  8:13  Marine x3  
  161  8:14  Barracks, Marine  
  161  8:15  Barracks  
  161  8:19  Marine x3  
  168  8:21  Supply Depot  
  168  8:22  Widow Mine  
  168  8:25  Supply Depot, Marine x2  
  168  8:27  Widow Mine x2  
  174  8:28  Drilling Claws  
  174  8:30  Marine  
  174  8:32  Marine  
  174  8:33  Marine x2  
  180  8:37  Marine  
  181  8:42  Marine x2, Medivac x2  
  187  8:49  Marine x2  
  187  8:50  Widow Mine x3  
  195  8:56  Marine  
  195  8:57  Marine x4  
  195  9:00  Barracks Tech Lab  
  195  9:01  Barracks Tech Lab x2  
  200  9:22  Barracks  
  200  9:26  Barracks  
  200  9:33  Command Center  
  200  9:36  Command Center, Marine  
  198  9:43  Marine x2  
  200  9:56  Starport  
  200  10:00  Fusion Core  
  200  10:01  Starport  
  200  10:02  Ghost Academy  
Tags
 
Add a new tag
Caveats
  • Supply blocks, unpowered buildings, or Contaminate may cause inaccurate times.
  • Supply counts are checked every 10 seconds.